 Dungeon Crawl Stone Soup version 0.30-a0-137-gd8773701ce (webtiles) character file.

Game seed: 3501637524973754277

18 Dreamer the Insei (level 2, -1/18 HPs)
             Began as an Octopode Transmuter on Sept 22, 2022.
             Slain by a quokka (4 damage)
             ... on level 1 of the Dungeon.
             The game lasted 00:01:18 (747 turns).

Dreamer the Insei (Octopode Transmuter)              Turns: 747, Time: 00:01:18

Health: -1/18      AC:  1    Str:  9    XL:     2   Next: 70%
Magic:  5/5        EV: 13    Int: 15    God:
Gold:   8          SH:  0    Dex: 12    Spells: 4/5 levels left

rFire   . . .      SeeInvis .    f - +0 short sword
rCold   . . .      Faith    .    (no shield)
rNeg    . . .      Spirit   .    (helmet restricted)
rPois   .          Reflect  .    (no amulet)
rElec   .          Harm     .    (no ring)
rCorr   .          Rampage  .    (no ring)
Will    .....                    (no ring)
Stlth   ++........               (no ring)
HPRegen 0.06/turn                (no ring)
MPRegen 0.09/turn                (no ring)
                                 (no ring)
                                 (no ring)

@: no status effects
A: almost no armour, amphibious, 8 rings, camouflage 1, gelatinous body 1,
(nimble swimmer 1), tentacles
a: no special abilities


You were on level 1 of the Dungeon.
You visited 1 branch of the dungeon, and saw 1 of its levels.

You collected 8 gold pieces.

Inventory:

Hand Weapons
 f - a +0 short sword (weapon)
Scrolls
 b - a scroll of fog {unknown}
 d - 4 scrolls of identify {unknown}
Potions
 a - a potion of lignification
 c - 2 potions of degeneration {unknown}
 e - 2 potions of brilliance {unknown}


   Skills:
 - Level 1.0 Fighting
 - Level 2.0 Dodging
 - Level 3.0 Unarmed Combat
 - Level 2.0 Spellcasting
 * Level 2.8 Transmutations
 + Level 1.1 Ice Magic


You had 4 spell levels left.
You knew the following spells:

 Your Spells              Type           Power      Damage    Failure   Level
a - Beastly Appendage     Tmut           20%        N/A       7%          1

Your spell library contained the following spells:

 Spells                   Type           Power      Damage    Failure   Level
 Wereblood                Tmut           10%        N/A       11%         2
 Spider Form              Tmut/Pois      5%         N/A       36%         3
 Ice Form                 Ice/Tmut       7%         N/A       69%         4


Dungeon Overview and Level Annotations

Branches:
Dungeon (1/15)

Altars:


Innate Abilities, Weirdness & Mutations

You cannot wear most types of armour.
You are amphibious.
You can wear up to eight rings at the same time.
Your skin changes colour to match your surroundings (Stealth+).
Your rubbery body absorbs attacks. (AC +1, EV +1)
((You are camouflaged when in or above water. (Stealth+)))
You have tentacles for arms and can constrict up to eight enemies at once.


Message History

The ball python hisses angrily.
You hit the hobgoblin. Your grab misses the hobgoblin.
The hobgoblin is heavily wounded.
The hobgoblin closely misses you.
You barely miss the hobgoblin. Your grab misses the hobgoblin.
The hobgoblin is moderately wounded.
The ball python barely misses you. x2; The hobgoblin hits you.
You hit the hobgoblin but do no damage. Your grab misses the hobgoblin.
The hobgoblin is moderately wounded.
The ball python bites you. The ball python grabs you.
The ball python constricts you. The hobgoblin hits you.
You barely miss the ball python. Your grab misses the ball python.
Your squeeze misses the ball python. The ball python bites you.
The ball python constricts you.
You barely miss the ball python. Your grab misses the ball python.
Your tentacle-slap misses the ball python.
Your squeeze misses the ball python. The ball python misses you.
The ball python constricts you. The hobgoblin hits you.
The ball python bites you. The ball python constricts you.
* * * LOW HITPOINT WARNING * * *
You are too injured to fight recklessly!
You are too injured to fight recklessly!
You are too injured to fight recklessly!
You are too injured to fight recklessly!
You are too injured to fight recklessly!
You are too injured to fight recklessly!
You are too injured to fight recklessly!
You are too injured to fight recklessly!
You are too injured to fight recklessly!
You escape the ball python's grasp.
The hobgoblin attacks as you move away! The hobgoblin misses you.
The quokka closely misses you.
You hit the quokka. You grab the quokka.
The quokka is lightly wounded.
You constrict the quokka, but do no damage.
The quokka bites you.
* * * LOW HITPOINT WARNING * * *
You barely miss the quokka. Your squeeze misses the quokka.
You constrict the quokka, but do no damage.
The quokka bites you.
You die...

#...# ######### #...#
#.......###...####
#.#####..........####
#.##.................
#.##.##..........###
#.......###...####
#.......# #...#
#.##.#.## #..@###
#....#.# ####rg#
#.####.. #8gS8#
#.####..# ....>...#
#.....[.#...$.....##
###.#####.#...#8..8#..
#......#
.#...##..##.##
#.#.##.# ### ##.. #
#.#.# # ..


You could see a quokka, 2 hobgoblins and a ball python.

Vanquished Creatures
  A dart slug (D:1)
  A bat (D:1)
  4 endoplasms (D:1)
  2 giant cockroaches (D:1)
  A kobold (D:1)
  A quokka (D:1)
  A ball python (D:1)
  A frilled lizard (D:1)
  3 rats (D:1)
15 creatures vanquished.

Notes
Turn   | Place    | Note
-------+----------+-------------------------------------------
     0 | D:1      | Dreamer the Octopode Transmuter began the quest for the
                  | Orb.
     0 | D:1      | Reached XP level 1. HP: 13/13 MP: 3/3
   358 | D:1      | Reached XP level 2. HP: 15/18 MP: 5/5
   459 | D:1      | Reached skill level 1 in Ice Magic
   747 | D:1      | Slain by a quokka

Illustrated notes

Levels and vault maps discovered:
D:1:      spicycebolla_arrival_xxxplode, layout_loops_cross, st_stairs_6,
          serial_park_tiny_2, minmay_ruptured

Skill      XL: |  1  2 |
---------------+-------+-----
Ice Magic      | 1 |  1.1
Fighting       | |  1.0
Dodging        | |  2.0
Unarmed Combat | |  3.0
Spellcasting   | |  2.0
Transmutations | |  2.8

Action                   || total
-------------------------++-------
Melee: Unarmed           ||    32
       Constrict         ||    10
       Tentacles         ||     5
       Short sword       ||     7
       Punch             ||     1
 Stab: Sleeping          ||     4
Armor: Skin              ||     3
Dodge: Dodged            ||    24

Table legend: (Time is in decaauts)
 A = Elapsed time spent in this place.
 B = Non-inter-level travel time spent in this place.
 C = Inter-level travel time spent in this place.
 D = Time resting spent in this place.
 E = Time spent auto-exploring this place.
 F = Levels seen in this place.
 G = Mean time per level.
                   A        B        C        D        E       F      G
               +--------+--------+--------+--------+--------+-----+--------+
         Total |    744 |    744 |      0 |     61 |    558 |   1 |  744.0 |
       Dungeon |    744 |    744 |      0 |     61 |    558 |   1 |  744.0 |
               +--------+--------+--------+--------+--------+-----+--------+

Top non-repeatable levels by time:
     D:1: 744 daAuts
